 Dungeon Crawl Stone Soup version 0.27.0-1-g7a089689b8 (webtiles) character file.

Game seed: 2149893036531596265

11818 SnakkuSnakku7 the Cleaver (level 11, -1/71 HPs)
             Began as a Gargoyle Enchanter on Aug 15, 2021.
             Slain by a molten gargoyle (4 damage)
             ... in a volcano.
             The game lasted 00:19:31 (11932 turns).

SnakkuSnakku7 the Cleaver (Gargoyle Enchanter)     Turns: 11932, Time: 00:19:32

Health: -1/71      AC: 24    Str: 15    XL:     11   Next: 83%
Magic:  23/23      EV:  9    Int: 16    God:
Gold:   321        SH:  4    Dex: 10    Spells: 13/14 levels left

rFire    + . .     SeeInvis .   a - +6 broad axe (vorpal)
rCold    . . .     Faith    .   f - +0 buckler
rNeg     + . .     Spirit   .   F - +2 scale mail {rF+}
rPois    ∞         Reflect  .   E - +0 helmet
rElec    +         Harm     .   H - +2 cloak {Will+}
rCorr    .         Rampage  .   m - +2 pair of gloves {Stlth+}
Will     +....                  l - +0 pair of boots
Stlth    ++........             g - amulet of regeneration
HPRegen  1.21/turn              u - ring of magical power
MPRegen  0.18/turn              (no ring)

@: no status effects
A: sickness immunity, AC +8, negative energy resistance 1, electricity
resistance, torment resistance 1, petrification resistance
a: no special abilities


You were in a volcano.
You visited 2 branches of the dungeon, and saw 12 of its levels.
You also visited: Sewer and Volcano.

You collected 693 gold pieces.
You spent 372 gold pieces at shops.

Inventory:

Hand Weapons
 a - a +6 vorpal broad axe (weapon)
 b - a +0 dagger of venom
 e - a +0 hand axe of electrocution
Missiles
 r - 4 throwing nets
Armour
 f - a +0 buckler (worn)
 l - a +0 pair of boots (worn)
 m - a +2 pair of gloves of stealth (worn)
 n - a +2 scale mail of willpower
 E - a +0 helmet (worn)
 F - a +2 scale mail of fire resistance (worn)
 H - a +2 cloak of willpower (worn)
Jewellery
 g - an amulet of regeneration (around neck)
 h - a ring of ice
 u - a ring of magical power (left hand)
 D - a ring of magical power
Wands
 c - a wand of polymorph (4)
 w - a wand of digging (8)
 A - a wand of charming (16)
 B - a wand of flame (6)
 I - a wand of iceblast (10)
Scrolls
 d - a scroll of magic mapping
 j - 4 scrolls of immolation
 o - a scroll of blinking
 v - a scroll of summoning
 x - a scroll of amnesia
 y - 7 scrolls of teleportation
 z - 2 scrolls of enchant armour
 C - 4 scrolls of fear
Potions
 i - a potion of haste
 k - 6 potions of flight
 p - a potion of brilliance
 q - a potion of lignification
 s - 2 potions of curing
 t - 2 potions of resistance
 G - 2 potions of ambrosia


   Skills:
 - Level 9.3 Fighting
 - Level 0.8 Short Blades
 + Level 14.0 Axes
 - Level 1.5 Dodging
 - Level 3.2 Stealth
 - Level 4.0 Shields
 - Level 2.0 Spellcasting
 - Level 2.6 Hexes


You had 13 spell levels left.
You knew the following spells:

 Your Spells              Type           Power      Damage    Failure   Level
a - Corona                Hex            11%        N/A       28%         1

Your spell library contained the following spells:

 Spells                   Type           Power      Damage    Failure   Level
 Slow                     Hex            10%        N/A       41%         2
 Ensorcelled Hibernation  Hex/Ice        10%        N/A       58%         2
 Confusing Touch          Hex            10%        N/A       65%         3
 Tukima's Dance           Hex            10%        N/A       65%         3
 Blink                    Tloc           N/A        N/A       78%         2
 Corpse Rot               Necr/Air       N/A        N/A       78%         2
 Dazzling Flash           Conj/Hex       10%        N/A       83%         3
 Inner Flame              Hex/Fire       5%         N/A       83%         3
 Summon Guardian Golem    Hex/Summ       5%         N/A       83%         3
 Conjure Flame            Conj/Fire      1%         6-21      95%         3
 Ignite Poison            Fire/Tmut/Pois 1%         N/A       95%         3
 Ozocubu's Armour         Ice            1%         N/A       95%         3
 Stone Arrow              Conj/Erth      2%         3d7       95%         3
 Cause Fear               Hex            5%         N/A       96%         4
 Dispel Undead            Necr           1%         3d6       100%        4
 Sticky Flame             Conj/Fire      1%         2d3       100%        4
 Bolt of Magma            Conj/Fire/Erth 0%         4d4       100%        5
 Manifold Assault         Tloc           1%         N/A       100%        5
 Metabolic Englaciation   Hex/Ice        2%         N/A       100%        5
 Yara's Violent Unravell  Hex/Tmut       2%         3d3       100%        5
 Death Channel            Necr           0%         N/A       100%        6
 Simulacrum               Ice/Necr       0%         N/A       100%        6
 Orb of Destruction       Conj           0%         N/A       100%        7
 Spellforged Servitor     Conj/Summ      0%         N/A       100%        7
 Storm Form               Tmut/Air       0%         N/A       100%        7
 Discord                  Hex            5%         N/A       100%        8
 Shatter                  Erth           0%         3d5*      100%        9


Dungeon Overview and Level Annotations

Branches:
Dungeon (10/15)            Temple (0/1) D:7            Lair (2/6) D:8
 Shoals (0/4) Lair:2        Sewer (visited)         Volcano (1/1)
  Snake: Lair:2-4    Spider: Lair:2-4       Orc: D:9-12

Altars:
Dithmenos
Elyvilon
Fedhas
Gozag
Hepliaklqana
Nemelex Xobeh
Okawaru
Qazlal
Ru
Sif Muna
Wu Jian
Xom

Shops:
D:4 *   D:7 ?   D:8 *((   D:9 [

Annotations:
D:9 exclusion: two-headed ogre
D:10 1 runed translucent door, exclusion: two-headed ogre, 2FriedEggs's ghost, journeyman TeSu; Gastronok


Innate Abilities, Weirdness & Mutations

You are immune to sickness and miasma.
Your stone body is resilient. (AC +8)
You are immune to poison.
You resist negative energy. (rN+)
You are resistant to electric shocks. (rElec)
You are resistant to unholy torment.
You are immune to petrification.


Message History

The molten gargoyle hits you with a +0 morningstar!
You are engulfed in flames.
You resist.
You closely miss the molten gargoyle.
The molten gargoyle is heavily damaged.
You hit the molten gargoyle.
The molten gargoyle is heavily damaged.
The molten gargoyle blasts magma at you!
The bolt of magma hits you but does no damage.
You closely miss the molten gargoyle.
The molten gargoyle is heavily damaged.
You slash the molten gargoyle! You block the molten gargoyle's attack.
The molten gargoyle hits you with a +0 morningstar!
You are engulfed in flames.
You resist.
You are too injured to fight recklessly!
You are too injured to fight recklessly!
You are too injured to fight recklessly!
Unknown command.
You hit the molten gargoyle.
The molten gargoyle is almost destroyed.
You hit the molten gargoyle but do no damage.
The molten gargoyle hits you with a +0 mace.
You are engulfed in flames.
You resist. You block the molten gargoyle's attack.
Unknown command.
You slice the molten gargoyle!!
You destroy the molten gargoyle!
You hit the molten gargoyle but do no damage.
The molten gargoyle hits you with a +0 mace!!
* * * LOW HITPOINT WARNING * * *
You are engulfed in flames.
You resist.
* * * LOW HITPOINT WARNING * * *
Training target 14.0 for Axes reached!
Your Axes skill increases to level 14!
You need to enable at least one skill for training.
Training target 14.0 for Axes reached!
You need to enable at least one skill for training.
You feel better.
The molten gargoyle hits you with a +0 mace!
* * * LOW HITPOINT WARNING * * *
You are engulfed in flames.
You resist.
You die...

## ### #.#
###.###
99##....≈##
#.#@...§§#
#9).∩.≈§# #
##...≈≈≈#
≈≈○○R##..≈≈≈#
§§°≈≈##..≈≈≈#
§°≈≈≈+..∩.§§#
#°§≈§.#....≈§#
#..≈.###...§##
##.○# #..###


You could see an efreet and a molten gargoyle.

Vanquished Creatures
  Harold (Lair:1)
  Nergalle (D:10)
  Pikel (D:3)
  A manticore (D:10)
  A black mamba (D:8)
  Maurice (D:9)
  A molten gargoyle (Volcano)
  2 cane toads
  Maggie (D:8)
  2 komodo dragons
  Psyche (D:9)
  The ghost of Krazlmac the Magician, an amateur DjCj (D:5)
  4 blink frogs (Lair:2)
  4 yaks
  3 fire bats (Lair:2)
  An acid dragon (D:10)
  4 water moccasins
  An ice beast (D:7)
  An orc warrior (D:9)
  A black bear (D:5)
  13 wolves
  An ogre (D:7)
  2 centaurs
  A phantom (D:5)
  4 lemures (D:3)
  4 kobold brigands
  7 bullfrogs
  A wyvern zombie (D:6)
  2 scorpions (D:5)
  A water moccasin zombie (D:7)
  A water moccasin skeleton (D:3)
  7 killer bees
  4 wights (D:8)
  9 hounds
  A jelly (D:8)
  A bullfrog zombie (D:5)
  3 orc priests
  3 gnoll shamans
  2 bullfrog skeletons
  3 centaur skeletons
  An iguana (D:4)
  6 orc wizards
  Natasha (thrice) (D:3)
  A scorpion zombie (D:5)
  2 merfolk sirens (Sewer)
  A merfolk avatar (Sewer)
  2 howler monkey zombies
  14 gnolls
  2 howler monkey skeletons
  8 adders
  A river rat (Sewer)
  3 white imps
  An ufetubus (D:4)
  An adder skeleton (D:4)
  3 worms (D:5)
  A dart slug (D:1)
  23 orcs
  7 endoplasms
  6 giant cockroaches
  3 goblins
  4 hobgoblins
  6 quokkas
  13 ball pythons
  2 bats
  3 frilled lizards
  21 kobolds
  27 rats
268 creatures vanquished.

Vanquished Creatures (others)
  A hornet (D:9)
  5 fungi
  28 plants
34 creatures vanquished.

Grand Total: 302 creatures vanquished

Notes
Turn   | Place    | Note
-------+----------+-------------------------------------------
     0 | D:1      | SnakkuSnakku7 the Gargoyle Enchanter began the quest for
                  | the Orb.
     0 | D:1      | Reached XP level 1. HP: 10/10 MP: 3/3
   138 | D:1      | Reached skill level 1 in Fighting
   407 | D:1      | Reached XP level 2. HP: 17/17 MP: 5/5
   774 | D:1      | Found a faded altar of an unknown god.
   942 | D:2      | Reached XP level 3. HP: 22/22 MP: 6/6
  1049 | D:2      | Reached skill level 1 in Axes
  1310 | D:3      | Noticed Natasha
  1345 | D:3      | Killed Natasha
  1346 | D:3      | Reached XP level 4. HP: 28/28 MP: 7/7
  1350 | D:3      | Noticed Natasha
  1364 | D:3      | Killed Natasha
  1365 | D:3      | Reached skill level 2 in Axes
  1440 | D:3      | Reached XP level 5. HP: 23/33 MP: 8/8
  1510 | D:3      | Noticed Natasha
  1524 | D:3      | Killed Natasha
  1678 | D:3      | Found a blossoming altar of Fedhas.
  1681 | D:3      | Found an ornate altar of the Wu Jian Council.
  1682 | D:3      | Found a sparkling altar of Nemelex Xobeh.
  1682 | D:3      | Found a stormy altar of Qazlal.
  1683 | D:3      | Found an iron altar of Okawaru.
  1684 | D:3      | Found a shimmering blue altar of Sif Muna.
  1685 | D:3      | Found a sacrificial altar of Ru.
  1813 | D:4      | Noticed a kobold brigand
  1841 | D:4      | Killed a kobold brigand
  1842 | D:4      | Reached skill level 3 in Axes
  1842 | D:4      | Reached XP level 6. HP: 17/40 MP: 9/9
  2291 | D:4      | Noticed Pikel
  2757 | D:3      | Killed Pikel
  2758 | D:3      | Reached skill level 4 in Axes
  2758 | D:3      | Reached XP level 7. HP: 28/47 MP: 10/10
  2924 | D:4      | Reached skill level 5 in Axes
  3032 | D:4      | Found Loxir's General Store.
  3043 | D:4      | Bought a scroll of identify for 22 gold pieces
  3043 | D:4      | Bought a potion of might for 44 gold pieces
  3197 | D:4      | Found a shimmering altar of Xom.
  3198 | D:4      | Found a hazy altar of Hepliaklqana.
  3199 | D:4      | Noticed a spectral ugly thing
  3308 | D:5      | Entered Level 5 of the Dungeon
  3316 | D:5      | Reached XP level 8. HP: 47/52 MP: 11/11
  3600 | D:5      | Found a glowing drain.
  3633 | Sewer    | Entered a sewer
  4271 | D:5      | Found a runed translucent gate.
  4274 | D:5      | Found a runed translucent gate.
  4274 | D:5      | Found a runed translucent gate.
  4274 | D:5      | Found an opulent altar of Gozag.
  4276 | D:5      | Noticed a yak
  4276 | D:5      | Noticed Krazlmac's ghost (amateur DjCj)
  4293 | D:5      | Reached skill level 6 in Axes
  4355 | D:5      | Killed a yak
  4497 | D:5      | Killed Krazlmac's ghost
  4498 | D:5      | Reached XP level 9. HP: 42/60 MP: 12/12
  4572 | D:5      | Reached skill level 7 in Axes
  4629 | D:5      | Found a white marble altar of Elyvilon.
  4647 | D:5      | Found a shadowy altar of Dithmenos.
  5394 | D:6      | Reached skill level 8 in Axes
  5714 | D:7      | Found a staircase to the Ecumenical Temple.
  6159 | D:7      | Found Voupho's Magic Scroll Emporium.
  6173 | D:7      | Bought a scroll of noise for 15 gold pieces
  6173 | D:7      | Bought a scroll of fear for 52 gold pieces
  6173 | D:7      | Bought a scroll of fear for 52 gold pieces
  6173 | D:7      | Bought a scroll of identify for 30 gold pieces
  6173 | D:7      | Bought a scroll of fear for 52 gold pieces
  6174 | D:7      | Bought a scroll of identify for 30 gold pieces
  6238 | D:7      | Reached skill level 9 in Axes
  6904 | D:8      | Reached XP level 10. HP: 48/66 MP: 13/13
  7134 | D:8      | Found a staircase to the Lair.
  7152 | D:8      | Reached skill level 10 in Axes
  7278 | D:8      | Found Veant's Weapon Emporium.
  7432 | D:8      | Found Jeuf's General Store.
  7438 | D:8      | Bought a +0 buckler for 45 gold pieces
  7438 | D:8      | Bought a potion of curing for 30 gold pieces
  7438 | D:8      | Identified a scroll of acquirement
  7438 | D:8      | Acquired a +2 pair of gloves of stealth
  7468 | D:8      | Noticed Maggie
  7487 | D:8      | Killed Maggie
  7488 | D:8      | Reached skill level 1 in Shields
  7748 | D:8      | Found Duymufuc's Weapon Emporium.
  7926 | D:9      | Noticed a two-headed ogre
  7984 | D:9      | Noticed Maurice
  8015 | D:9      | Killed Maurice
  8133 | D:9      | Noticed Psyche
  8151 | D:9      | Killed Psyche
  8195 | D:9      | Found Afydenon's Antique Armour Shop.
  8248 | D:9      | Reached skill level 11 in Axes
  8483 | D:9      | Noticed a two-headed ogre
  8496 | D:9      | Noticed a glowing shapeshifter
  8496 | D:9      | a two-headed ogre changed into a glowing shapeshifter
  8497 | D:9      | Noticed a torpor snail
  8497 | D:9      | a glowing shapeshifter changed into a torpor snail
  8498 | D:9      | Noticed a death drake
  8498 | D:9      | a torpor snail changed into a death drake
  8503 | D:9      | a death drake changed into a swamp worm
  8505 | D:9      | Noticed a faun
  8505 | D:9      | a swamp worm changed into a faun
  8506 | D:9      | a faun changed into a merfolk
  8508 | D:9      | Noticed an elephant
  8508 | D:9      | a merfolk changed into an elephant
  8514 | D:9      | an elephant changed into a snapping turtle
  8518 | D:9      | Noticed a goliath frog
  8518 | D:9      | a snapping turtle changed into a goliath frog
  8520 | D:9      | Noticed a fire dragon
  8520 | D:9      | a goliath frog changed into a fire dragon
  8521 | D:9      | Noticed a bunyip
  8521 | D:9      | a fire dragon changed into a bunyip
  8522 | D:9      | Noticed an anaconda
  8522 | D:9      | a bunyip changed into an anaconda
  8536 | D:9      | Noticed a water nymph
  8796 | D:10     | Entered Level 10 of the Dungeon
  8797 | D:10     | Noticed a two-headed ogre
  8840 | D:10     | Noticed Nergalle
  8989 | D:10     | Killed Nergalle
  9003 | D:10     | Noticed Urug
  9572 | D:10     | Noticed Gastronok
  9732 | D:10     | Noticed Urug
  9732 | D:10     | Urug changed into Urug the manticore
  9740 | D:10     | Killed Urug the manticore
  9741 | D:10     | Reached skill level 12 in Axes
 10063 | D:10     | Found a runed translucent door.
 10064 | D:10     | Found a shimmering altar of Xom.
 10064 | D:10     | Noticed 2FriedEggs's ghost (journeyman TeSu)
 10065 | D:10     | Noticed a +2 trident of chaos
 10147 | D:10     | Noticed a two-headed ogre
 10273 | Lair:1   | Entered Level 1 of the Lair of Beasts
 10284 | Lair:1   | Noticed a black mamba
 10311 | D:8      | Killed a black mamba
 10312 | D:8      | Reached XP level 11. HP: 32/71 MP: 14/14
 10902 | Lair:1   | Noticed Harold
 10914 | Lair:1   | Killed Harold
 11327 | Lair:1   | Reached skill level 13 in Axes
 11808 | Lair:2   | Found a dark tunnel.
 11916 | Volcano  | Entered a volcano
 11932 | Volcano  | Reached skill level 14 in Axes
 11932 | Volcano  | HP: 3/71 [molten gargoyle (12)]
 11932 | Volcano  | Slain by a molten gargoyle

Illustrated notes

Levels and vault maps discovered:
D:1:      onia_arrival_pyramid, layout_loops_ring,
          chequers_ecumenical_altar_simple
D:2:      layout_basic, grunt_ministairs_7
D:3:      layout_rooms, minitemple, kennysheep_generic_room_6, uniq_natasha
D:4:      layout_cave_pools, regret_index_temple_of_mockery, serial_shops,
          nicolae_shop_stone, corexii_item_surrounded_by_moat,
          serial_park_tiny_1, uniq_pikel
D:5:      layout_loops_ring, mainiacjoe_overflow_swirl, ebering_ghost_gozag,
          cheibrodos_sewer_entry_bend
D:6:      layout_loops_ring
D:7:      layout_rooms, minmay_temple_entry_from_below_b, serial_shops,
          nicolae_shop_competitors_out_of_business
D:8:      layout_layer_cave, lair_entry_dummy, serial_shops, shop,
          nicolae_shop_window_shopping, nicolae_lakefront_shop, uniq_maggie
D:9:      layout_basic, serial_shops, nicolae_lakefront_shop,
          roderic_roman_lattice, hangedman_abyss_or_decor_lesser_grid,
          uniq_maurice, uniq_psyche
D:10:     layout_grid_maze, nicolae_overflow_hidden_temple, ebering_ghost_xom,
          nicolae_trove_entry_columns, uniq_gastronok, uniq_urug, uniq_nergalle
Lair:1:   beast_lair_carwin_large_1, layout_misc_corridors, serial_forest,
          infiniplex_forest_clump_C, infiniplex_forest_straight_3,
          infiniplex_forest_end_3, infiniplex_forest_straight_5,
          infiniplex_forest_clump_medium, infiniplex_forest_straight_2,
          infiniplex_forest_clump_small, infiniplex_forest_clump_C,
          infiniplex_forest_lined_room_3, uniq_harold
Lair:2:   layout_roguey, minmay_shoals_entry_lonely_mermaid,
          nicolae_volcano_entry_batcave, hangedman_tree_tricks,
          lemuel_fruit_tree
Volcano:  volcano_aerie

Skill      XL: |  1  2  3  4  5  6  7  8  9 10 11 |
---------------+----------------------------------+-----
Fighting       | 1 2 3 4 6 8 9 |  9.3
Axes           | 1 2 3 4 5 6 9 12 14 | 14.0
Shields        | 3 4 |  4.0
Short Blades   | |  0.8
Dodging        | |  1.5
Stealth        | |  3.2
Spellcasting   | |  2.0
Hexes          | |  2.6

Action                   |  1- 3 |  4- 6 |  7- 9 | 10-12 || total
-------------------------+-------+-------+-------+-------++-------
Melee: Dagger            |    60 |    69 |    37 |    29 ||   195
       War axe           |    64 |    47 |   425 |       ||   536
       Hand axe          |       |       |    50 |   232 ||   282
       Broad axe         |       |       |       |   158 ||   158
Throw: Dart              |       |     1 |       |       ||     1
       Throwing net      |       |       |       |     1 ||     1
 Cast: Corona            |       |       |     1 |       ||     1
Evoke: Wand              |       |       |     1 |     5 ||     6
  Use: Scroll            |       |       |    10 |    11 ||    21
       Potion            |       |       |     2 |     6 ||     8
 Stab: Invisible         |       |       |       |     3 ||     3
       Sleeping          |       |       |       |     2 ||     2
Armor: Scale mail        |    82 |    72 |   368 |   259 ||   781
       Skin              |       |       |       |    25 ||    25
Dodge: Dodged            |    74 |    58 |   262 |   187 ||   581
Block: Buckler           |       |       |       |    59 ||    59
